 Dungeon Crawl Stone Soup version 0.30.0 (webtiles) character file.

Game seed: 11803883299050875281

166 Dani the Chopper (level 5, -8/41 HPs)
             Began as a Demonspawn Fighter on May 20, 2023.
             Killed from afar by Edmund (9 damage)
             ... with a puff of flame
             ... on level 4 of the Dungeon.
             The game lasted 00:04:04 (1709 turns).

Dani the Chopper (Demonspawn Fighter)               Turns: 1709, Time: 00:04:04

Health: -8/41      AC:  7    Str: 17    XL:     5   Next: 22%
Magic:  0/5        EV:  9    Int: 11    God:
Gold:   22         SH:  4    Dex: 12    Spells: 4/4 levels left

rFire   . . .        a - +0 war axe
rCold   . . .        c - +0 buckler
rNeg    . . .        b - +0 scale mail
rPois   .            l - +0 helmet
rElec   .            (no cloak)
rCorr   .            (no gloves)
SInv    .            (no boots)
Will    +....        (no amulet) Stlth
                     j - ring of willpower
HPRegen 0.26/turn    (no ring)
MPRegen 0.18/turn

%: guardian spirit
@: no status effects
A: magic shield, magic regeneration, magic link
a: no special abilities


You were on level 4 of the Dungeon.
You visited 1 branch of the dungeon, and saw 4 of its levels.

You collected 68 gold pieces.
You spent 46 gold pieces at shops.

Inventory:

Hand Weapons
 a - a +0 war axe (weapon)
Armour
 b - a +0 scale mail (worn)
 c - a +0 buckler (worn)
 l - a +0 helmet (worn)
   (You found it on level 1 of the Dungeon)
Jewellery
 j - a ring of willpower (left hand)
   (You found it on level 1 of the Dungeon)
Scrolls
 p - a scroll of vulnerability
 q - a scroll of summoning {unknown}
 T - a scroll of teleportation
Potions
 f - 2 potions of curing {unknown}
 g - 2 potions of haste {unknown}
 h - 2 potions of mutation {unknown}
 i - a potion of flight {unknown}


   Skills:
 - Level 3.0 Fighting
 + Level 5.0 Axes
 - Level 2.6 Armour
 - Level 2.6 Shields


You had 4 spell levels left.
You didn't know any spells.
Your spell library contained the following spells:

 Spells                   Type           Power      Damage    Failure   Level
 Slow                     Hex            0%         N/A       83%         1
 Confusing Touch          Hex            0%         N/A       99%         3
 Vampiric Draining        Necr           0%         2d6       99%         3


Dungeon Overview and Level Annotations

Branches:
Dungeon (3/15)

Altars:

Shops:
D:3 *

Annotations:
D:2 Sigmund
D:4 Edmund


Innate Abilities, Weirdness & Mutations

When hurt, damage is shared between your health and your magic reserves.
You regenerate magic rapidly.
When low on magic, you restore magic in place of health.


Message History

You hit the adder.
The adder is heavily wounded.
You feel sick. The adder closely misses you.
You hit the adder.
The adder is heavily wounded.
You feel sick.
You are no longer poisoned.
You block the adder's attack. The adder bites you.
* * * LOW HITPOINT WARNING * * *
You are poisoned.
The adder poisons you!
You completely miss the adder.
The adder is heavily wounded.
You feel sick. You block the adder's attack. The adder closely misses you.
You slash the adder!
You kill the adder!
You feel sick.
Your Axes skill increases to level 5!
No target in view!
You feel sick.
You see here an adder corpse.
You start resting.
You feel sick. x2
You are no longer poisoned.
You start resting.
HP restored.
An ogre comes into view. It is wielding a +0 giant spiked club.
Found a robe.
The ogre shouts!
Edmund the Younger comes into view.
He is wielding a +4 flail of holy wrath and carrying a wand of flame (4).
Found an escape hatch in the floor.
Edmund shouts!
Edmund gestures with his flail.
Edmund zaps a wand.
The puff of flame hits you.
Edmund zaps a wand.
The puff of flame hits you.
The goblin shouts!
An adder comes into view.
The adder moves out of view.
The ogre enters a dispersal trap!
You blink.
A quokka comes into view.
Found a manual of Short Blades.
The adder hisses angrily.
You slash the adder!
The adder is severely wounded.
The adder closely misses you.
You barely miss the adder.
The adder is severely wounded.
The adder bites you. The adder closely misses you. The quokka misses you.
You barely miss the adder.
The adder is severely wounded.
You miss the quokka. The adder bites you but does no damage.
The quokka bites you but does no damage.
The adder bites you but does no damage.
You barely miss the adder.
The adder is severely wounded.
You closely miss the quokka. You block the quokka's attack.
The adder bites you but does no damage.
The quokka bites you but does no damage.
You block the goblin's attack.
You closely miss the adder.
The adder is severely wounded.
You closely miss the goblin. You closely miss the quokka.
The adder bites you but does no damage. The quokka closely misses you.
You block the adder's attack. The goblin hits you with a +0 dagger.
You hit the ogre.
The ogre is lightly wounded.
You hit the adder. You barely miss the quokka. You closely miss the goblin.
The quokka barely misses you. The adder bites you but does no damage.
The ogre hits you with a +0 giant spiked club!!
* * * LOW HITPOINT WARNING * * *
The goblin closely misses you. You block the quokka's attack.
The adder closely misses you.
You hit the ogre.
The ogre is lightly wounded.
You barely miss the adder. You closely miss the quokka. You hit the goblin.
You kill the goblin!
The quokka barely misses you. The adder bites you but does no damage.
The ogre closely misses you. The quokka closely misses you.
You closely miss the ogre.
The ogre is lightly wounded.
You hit the adder but do no damage. You closely miss the quokka.
You closely miss Edmund. The adder completely misses you.
Edmund barely misses you. The quokka barely misses you.
The adder bites you but does no damage.
Edmund zaps a wand.
The puff of flame hits you!
* * * LOW HITPOINT WARNING * * *
The ogre barely misses you.
You hit the ogre but do no damage.
The ogre is lightly wounded.
You miss the adder. You closely miss the quokka. You completely miss Edmund.
The adder bites you but does no damage. You block the quokka's attack.
You block Edmund's attack. The adder bites you but does no damage.
The quokka closely misses you.
You closely miss the ogre.
The ogre is lightly wounded.
You slash Edmund! You barely miss the adder. You closely miss the quokka.
The ogre hits you with a +0 giant spiked club!
* * * LOW HITPOINT WARNING * * *
The adder closely misses you. The quokka closely misses you.
Edmund zaps a wand.
The puff of flame hits you!
You die...

..# # ... #.### ..#
######..## #.#
......#.## #.# ##.
##.#.#.## #..
#:.###.#..#...
##.##.###O.#..#..##
#.r#.##..##..O...#
#.@@#...#.#..###..#
#S.O.##.##...# ##.#
#..##........g. ..g
..... S..#....####
#..
..#.#####.......#
#.. # #.
..####...###... .
..........O.?..# #.
.. .## .#.ยง### .#
##z####


You could see Edmund, an ogre, an adder and a quokka.

Vanquished Creatures
  A scorpion (D:4)
  A wight (D:4)
  2 adders
  An ufetubus (D:4)
  2 endoplasms
  2 giant cockroaches
  4 goblins
  2 hobgoblins (D:1)
  4 kobolds
  2 quokkas (D:1)
  5 ball pythons
  3 bats
  2 frilled lizards (D:1)
  5 rats
36 creatures vanquished.

Notes
Turn   | Place    | Note
-------+----------+-------------------------------------------
     0 | D:1      | Dani the Demonspawn Fighter began the quest for the Orb.
     0 | D:1      | Reached XP level 1. HP: 18/18 MP: 1/1
    74 | D:1      | Reached skill level 2 in Axes
   236 | D:1      | Gained mutation: You regenerate magic rapidly. [demonic
                  | ancestry]
   236 | D:1      | Reached XP level 2. HP: 20/24 MP: 2/2
   823 | D:1      | Reached skill level 3 in Axes
  1073 | D:2      | Gained mutation: When hurt, damage is shared between your
                  | health and your magic reserves. [demonic ancestry]
  1073 | D:2      | Reached XP level 3. HP: 29/29 MP: 3/3
  1093 | D:2      | Noticed Sigmund
  1349 | D:3      | Found a faded altar of an unknown god.
  1358 | D:3      | Found Loweecur's Assorted Antiques.
  1388 | D:3      | Bought a scroll labelled KYKKAI ID ZUG for 23 gold pieces
  1388 | D:3      | Bought a scroll labelled RIEXKI TUADD for 23 gold pieces
  1389 | D:3      | You fall into a shaft and drop 1 floor!
  1409 | D:4      | Noticed a scorpion
  1411 | D:4      | Noticed a wight
  1411 | D:4      | Noticed an ogre
  1425 | D:4      | Killed a scorpion
  1426 | D:4      | Reached skill level 4 in Axes
  1426 | D:4      | Reached XP level 4. HP: 35/35 MP: 4/4
  1433 | D:4      | Gained mutation: When low on magic, you restore magic in
                  | place of health. [demonic ancestry]
  1433 | D:4      | Reached XP level 5. HP: 17/41 MP: 2/5
  1457 | D:4      | HP: 10/41 [ufetubus (3)]
  1590 | D:4      | Reached skill level 5 in Axes
  1684 | D:4      | Noticed an ogre
  1685 | D:4      | Noticed Edmund
  1707 | D:4      | HP: 9/41 [Edmund/puff of flame (8)]
  1709 | D:4      | HP: 1/41 [ogre/+0 giant spiked club (8)]
  1709 | D:4      | Killed from afar by Edmund

Illustrated notes

Levels and vault maps discovered:
D:1:      amcnicky_arrival_underground_garden, layout_basic
D:2:      layout_loops_ring, grunt_ministairs_15, uniq_sigmund
D:3:      layout_basic, lemuel_tele_altar, serial_shops,
          nicolae_shop_overgrown_old_shop, nicolae_shop_getting_attention,
          ebering_ecumenical_altar_mist
D:4:      layout_rooms, yredelemnul_forgotten_temple_becter, st_stairs_8,
          minmay_manual_mess, uniq_edmund

Skill      XL: |  1  2  3  4  5 |
---------------+----------------+-----
Axes           | 2 3 4 5 |  5.0
Fighting       | |  3.0
Armour         | |  2.6
Shields        | |  2.6

Action                     |  1- 3 |  4- 6 || total
---------------------------+-------+-------++-------
  Melee: War axe           |   105 |    29 ||   134
    Use: Potion            |     1 |       ||     1
         Scroll            |       |     5 ||     5
 Armour: Scale mail        |    55 |    21 ||    76
  Dodge: Dodged            |    45 |    35 ||    80
  Block: Buckler           |    30 |    12 ||    42

Levels and vault maps discovered:
D:1:      amcnicky_arrival_underground_garden, layout_basic
D:2:      layout_loops_ring, grunt_ministairs_15, uniq_sigmund
D:3:      layout_basic, lemuel_tele_altar, serial_shops,
          nicolae_shop_overgrown_old_shop, nicolae_shop_getting_attention,
          ebering_ecumenical_altar_mist
D:4:      layout_rooms, yredelemnul_forgotten_temple_becter, st_stairs_8,
          minmay_manual_mess, uniq_edmund

Table legend: (Time is in decaauts)
 A = Elapsed time spent in this place.
 B = Non-inter-level travel time spent in this place.
 C = Inter-level travel time spent in this place.
 D = Time resting spent in this place.
 E = Time spent auto-exploring this place.
 F = Levels seen in this place.
 G = Mean time per level.
                   A        B        C        D        E       F      G
               +--------+--------+--------+--------+--------+-----+--------+
         Total |   1757 |   1640 |    117 |    189 |   1054 |   4 |  439.2 |
       Dungeon |   1757 |   1640 |    117 |    189 |   1054 |   4 |  439.2 |
               +--------+--------+--------+--------+--------+-----+--------+

Top non-repeatable levels by time:
     D:1: 1025 daAuts
     D:2: 360 daAuts
     D:4: 329 daAuts
     D:3: 42 daAuts

Table legend:
 A = Kills in this place as a percentage of kills in the entire game.
 B = Kills by you in this place as a percentage of kills by you in the entire game.
 C = Kills by friends in this place as a percentage of kills by friends in the entire game.
 D = Other kills in this place as a percentage of other kills in the entire game.
 E = Experience gained in this place as a percentage of experience gained in the entire game.
 F = Experience gained in this place divided by the number of levels of this place that you have seen.
                   A       B       C       D       E      F
               +-------+-------+-------+-------+-------+----------------------
         Total | 100.0 | 100.0 |   N/A |   N/A | 100.0 |  59.5
       Dungeon | 100.0 | 100.0 |   N/A |   N/A | 100.0 |  59.5
               +-------+-------+-------+-------+-------+----------------------
